 Dungeon Sprint DCSS version 0.17-a0-1714-g35622ae (webtiles) character file.

11100000 ztt the Axe Maniac (level 27, -102/298 HPs)
             Began as a Deep Dwarf Gladiator on Aug 23, 2015.
             Was the Champion of Makhleb.
             Annihilated by a sculptor of flesh
             ... wielding a +9 great sword
              (252 damage)
             ... in the Dungeon (Sprint VIII: "Arena of Blood").
             The game lasted 00:03:50 (111 turns).

ztt the Axe Maniac (Deep Dwarf Gladiator)            Turns: 111, Time: 00:03:51

Health: -102/298   AC:  8    Str: 30    XL:     27
Magic:  37/54      EV: 28    Int: 11    God:    Makhleb [******]
Gold:   0          SH:  0    Dex: 13    Spells: 0 memorised, 80 levels left

rFire  . . .     SeeInvis +     m - +∞ Axe of Woe
rCold  . . .     Clarity  .     b - +0 leather armour
rNeg   + . .     SustAt   .     (no shield)
rPois  .         Gourm    .     c - +0 helmet
rElec  .         Spirit   .     (no cloak)
rCorr  .         Warding  .     (no gloves)
rMut   .         NoTele   +     (no boots)
MR     ++++.                    (no amulet)
Stlth  +++++++++.               n - ring of see invisible
                                i - +30 ring of slaying

@: lethally poisoned (-102 -> -172), very slightly contaminated,
non-regenerating, incredibly resistant to hostile enchantments, incredibly
stealthy
A: damage resistance, recharge devices, negative energy resistance 1, sense
surroundings 3, slow healing 3
a: Device Recharging, Minor Destruction, Lesser Servant of Makhleb, Major
Destruction, Greater Servant of Makhleb, Renounce Religion


You were in the Dungeon.
You worshipped Makhleb.
Makhleb was exalted by your worship.
You were not hungry.

You visited 1 branch

Inventory:

Hand weapons
 a - a +0 war axe
 m - the +∞ Axe of Woe (weapon)
   (You found it in the Dungeon)
Missiles
 d - 3 throwing nets (quivered)
Armour
 b - a +0 leather armour (worn)
 c - a +0 helmet (worn)
Jewellery
 i - a +30 ring of slaying (left hand)
 n - a ring of see invisible (right hand)
Magical devices
 e - a wand of heal wounds (5)
Scrolls
 l - a scroll of blinking
Potions
 g - a potion of curing
 h - a potion of heal wounds
 j - 2 potions of magic
 k - a potion of berserk rage
Comestibles
 f - a bread ration


   Skills:
 O Level 27 Fighting
 O Level 27 Axes
 O Level 27 Throwing
 O Level 27 Armour
 O Level 27 Dodging
 O Level 27 Stealth
 O Level 27 Unarmed Combat
 O Level 27 Spellcasting
 O Level 27 Invocations
 O Level 27 Evocations


You had 80 spell levels left.
You didn't know any spells.

Dungeon Overview and Level Annotations

Branches:
Dungeon (1/1)

Altars:
Makhleb


Innate Abilities, Weirdness & Mutations

You are resistant to damage.
You can recharge devices by infusing magical energy.
You resist negative energy.
You passively map a large area around you.
You do not heal naturally.


Message History

Your life force feels restored.
You are engulfed in poison gas.
You are more poisoned.
You feel very sick.
You hear a shout! x5
The scourge is engulfed in poison gas.
The scourge is poisoned.
The scourge throws poison arrow at you. The poison arrow hits you!
You are more poisoned.
You hear a shout! x2
An observer comes into view.
You feel extremely sick.
The observer turns its gaze towards you.
You hear a shout! x4
The meat berserker is engulfed in poison gas.
The meat berserker is poisoned.
The meat berserker rages.
You hear a shout! x3
The sculptor of flesh hits you with a +9 great sword!!!!!
Ouch! That really hurt!
You die...

,
#.#........))....%..#..,
* ,
*.#.#.....%.)......##...,
#.#.....#..))..%.#..... *
, ,
...o.......))W...#...# ,,
, ,
W..W...##.#))))......M,
#.....†....)).....W... ,
* * ..####§§§)#)...G####
* .......§Oz§§S%.....#.,,
*###.%..§§§@..).........
####%..............## *
#################


You could see an observer (invisible), a scourge, a sculptor of flesh, 2 dreads,
a meat berserker (berserk) and a bag of meat.

Vanquished Creatures
  5 hell beasts (D)
  A greater mummy (D)
  2 wraiths (D)
  8 vampire knights (D)
  13 ogres (D)
  3 liches (D)
  4 hydras (D)
  33 orcs (D)
  A phantom (D)
  4 hill giants (D)
  4 skeletal warriors (D)
  4 small abominations (D)
  A large abomination (D)
  6 crawling corpses (D)
89 creatures vanquished.

Vanquished Creatures (collateral kills)
  2 crawling corpses (D)
2 creatures vanquished.

Vanquished Creatures (others)
  An orc (D)
  A small abomination (D)
  2 crawling corpses (D)
4 creatures vanquished.

Grand Total: 95 creatures vanquished

Notes
Turn   | Place    | Note
--------------------------------------------------------------
     0 | D        | ztt the Deep Dwarf Gladiator began the quest for the Orb.
     0 | D        | Reached XP level 1. HP: 19/19 MP: 1/1
     4 | D        | Noticed a bag of meat
     4 | D        | Became a worshipper of Makhleb the Destroyer
     6 | D        | Noticed a bag of meat
     9 | D        | Noticed a bag of meat
     9 | D        | Noticed a bag of meat
     9 | D        | Killed a bag of meat
     9 | D        | Reached skill level 9 in Fighting
     9 | D        | Reached skill level 19 in Axes
     9 | D        | Reached XP level 2. HP: 24/42 MP: 2/2
     9 | D        | Reached XP level 3. HP: 28/49 MP: 3/3
     9 | D        | Reached XP level 4. HP: 32/56 MP: 4/4
     9 | D        | Reached XP level 5. HP: 36/63 MP: 5/5
     9 | D        | Reached XP level 6. HP: 41/72 MP: 6/6
     9 | D        | Reached XP level 7. HP: 44/78 MP: 7/7
     9 | D        | Reached XP level 8. HP: 48/86 MP: 8/8
     9 | D        | Gained mutation: You passively map the area around you. [Deep Dwarf growth]
     9 | D        | Reached XP level 9. HP: 51/93 MP: 9/9
     9 | D        | Reached XP level 10. HP: 55/102 MP: 10/10
     9 | D        | Reached XP level 11. HP: 58/108 MP: 11/11
    10 | D        | Noticed a bag of meat
    10 | D        | Noticed a bag of meat
    10 | D        | Noticed a bag of meat
    10 | D        | Noticed a bag of meat
    10 | D        | Noticed a bag of meat
    10 | D        | Killed a bag of meat
    10 | D        | Acquired Makhleb's first power
    10 | D        | Reached skill level 21 in Axes
    10 | D        | Reached skill level 10 in Throwing
    10 | D        | Reached XP level 12. HP: 62/120 MP: 12/12
    11 | D        | Killed a bag of meat
    11 | D        | Reached skill level 23 in Axes
    11 | D        | Reached XP level 13. HP: 65/130 MP: 13/13
    12 | D        | Noticed a bag of meat
    12 | D        | Noticed a bag of meat
    12 | D        | Noticed a bag of meat
    12 | D        | Noticed a bag of meat
    12 | D        | Noticed a bag of meat
    13 | D        | Noticed a meat berserker
    13 | D        | Noticed a meat berserker
    14 | D        | Noticed a bag of meat
    15 | D        | Noticed a meat berserker
    16 | D        | Killed a bag of meat
    16 | D        | Acquired Makhleb's second power
    16 | D        | Reached skill level 24 in Axes
    16 | D        | Gained mutation: You resist negative energy. [Deep Dwarf growth]
    16 | D        | Reached XP level 14. HP: 119/141 MP: 14/14
    17 | D        | Killed a bag of meat
    17 | D        | Reached skill level 26 in Axes
    18 | D        | Noticed a bag of meat
    18 | D        | Noticed a bag of meat
    19 | D        | Noticed a meat berserker
    19 | D        | Killed a meat berserker
    19 | D        | Acquired Makhleb's third power
    19 | D        | Reached skill level 27 in Axes
    19 | D        | Reached skill level 15 in Throwing
    19 | D        | Reached skill level 27 in Dodging
    19 | D        | Reached XP level 15. HP: 148/160 MP: 15/15
    20 | D        | Killed a bag of meat
    20 | D        | Killed a bag of meat
    20 | D        | Reached XP level 16. HP: 178/182 MP: 16/16
    20 | D        | Killed a bag of meat
    20 | D        | Acquired Makhleb's fourth power
    21 | D        | Killed a meat berserker
    21 | D        | Reached XP level 17. HP: 196/205 MP: 17/17
    22 | D        | Noticed a large bag of meat
    22 | D        | Killed a bag of meat
    23 | D        | Killed a bag of meat
    23 | D        | Acquired Makhleb's fifth power
    23 | D        | Reached skill level 27 in Fighting
    24 | D        | Killed a meat berserker
    24 | D        | Reached skill level 27 in Throwing
    24 | D        | Gained mutation: You passively map a large area around you. [Deep Dwarf growth]
    24 | D        | Reached XP level 18. HP: 218/218 MP: 18/18
    24 | D        | Killed a bag of meat
    24 | D        | Reached skill level 5 in Unarmed Combat
    24 | D        | Reached skill level 5 in Spellcasting
    25 | D        | Noticed a large bag of meat
    25 | D        | Noticed a destroyer
    25 | D        | Noticed a meat berserker
    25 | D        | Noticed a bag of meat
    26 | D        | Killed a bag of meat
    26 | D        | Reached skill level 10 in Invocations
    26 | D        | Reached skill level 10 in Evocations
    26 | D        | Killed a meat berserker
    26 | D        | Reached skill level 15 in Stealth
    26 | D        | Reached skill level 10 in Spellcasting
    26 | D        | Reached XP level 19. HP: 226/226 MP: 18/33
    26 | D        | Killed a bag of meat
    27 | D        | Killed a bag of meat
    27 | D        | Reached skill level 15 in Armour
    28 | D        | Noticed a large bag of meat
    28 | D        | Noticed a bag of meat
    28 | D        | Noticed a destroyer
    29 | D        | Noticed a bag of meat
    29 | D        | Noticed a destroyer
    29 | D        | Noticed a bag of meat
    29 | D        | Noticed a bag of meat
    29 | D        | Noticed a large bag of meat
    30 | D        | Noticed a meat berserker
    30 | D        | Killed a meat berserker
    30 | D        | Reached skill level 15 in Unarmed Combat
    30 | D        | Killed a bag of meat
    31 | D        | Noticed a bag of meat
    31 | D        | Noticed a meat berserker
    31 | D        | Noticed a bag of meat
    32 | D        | Noticed a bag of meat
    32 | D        | Killed a bag of meat
    32 | D        | Reached skill level 15 in Spellcasting
    32 | D        | Reached XP level 20. HP: 236/236 MP: 19/39
    32 | D        | Killed a destroyer
    33 | D        | Noticed a bag of meat
    34 | D        | Noticed a destroyer
    34 | D        | Killed a large bag of meat
    35 | D        | Noticed an eight-headed meat hydra
    36 | D        | Killed a bag of meat
    36 | D        | Killed a bag of meat
    36 | D        | Reached XP level 21. HP: 187/244 MP: 19/43
    37 | D        | Killed a destroyer
    37 | D        | Reached skill level 27 in Stealth
    37 | D        | Reached skill level 27 in Invocations
    37 | D        | Reached skill level 27 in Evocations
    38 | D        | Killed a bag of meat
    39 | D        | Killed a bag of meat
    39 | D        | Killed a large bag of meat
    39 | D        | Killed a large bag of meat
    39 | D        | Reached skill level 27 in Armour
    39 | D        | Killed a bag of meat
    40 | D        | Noticed a meat berserker
    41 | D        | Noticed a sculptor of flesh
    41 | D        | Killed a bag of meat
    42 | D        | Noticed a sculptor of flesh
    42 | D        | Noticed a destroyer
    43 | D        | Noticed a bag of meat
    44 | D        | Noticed a bag of meat
    44 | D        | Killed a bag of meat
    45 | D        | Killed a meat berserker
    45 | D        | Reached XP level 22. HP: 182/254 MP: 21/50
    45 | D        | Killed a bag of meat
    46 | D        | Noticed a bag of meat
    46 | D        | Killed a meat berserker
    49 | D        | Killed a meat berserker
    49 | D        | Reached skill level 27 in Unarmed Combat
    49 | D        | Killed a destroyer
    49 | D        | Reached skill level 27 in Spellcasting
    51 | D        | Noticed a tyrant
    51 | D        | Killed a nine-headed meat hydra
    52 | D        | Killed a destroyer
    52 | D        | Reached XP level 23. HP: 262/262 MP: 22/54
    53 | D        | Killed a bag of meat
    54 | D        | Noticed a destroyer
    54 | D        | Noticed a destroyer
    54 | D        | Killed a destroyer
    55 | D        | Noticed a destroyer
    55 | D        | Killed a bag of meat
    55 | D        | Killed a sculptor of flesh
    57 | D        | Noticed a bag of meat
    57 | D        | Noticed a bag of meat
    57 | D        | Killed a bag of meat
    58 | D        | Killed a tyrant
    58 | D        | Killed a bag of meat
    58 | D        | Reached XP level 24. HP: 272/272 MP: 23/54
    59 | D        | Killed a large bag of meat
    59 | D        | Killed a destroyer
    60 | D        | Noticed a tyrant
    60 | D        | Killed a bag of meat
    60 | D        | Killed a destroyer
    61 | D        | Noticed a meat berserker
    63 | D        | Noticed a meat beast
    64 | D        | Killed a tyrant
    64 | D        | Reached XP level 25. HP: 280/280 MP: 24/54
    66 | D        | Noticed a dread
    66 | D        | Killed a meat beast
    69 | D        | Killed a bag of meat
    69 | D        | Reached XP level 26. HP: 160/290 MP: 25/54
    72 | D        | Noticed a sculptor of flesh
    72 | D        | Killed a sculptor of flesh
    74 | D        | Noticed a sculptor of flesh
    74 | D        | Noticed a dread
    74 | D        | Noticed a meat beast
    74 | D        | Killed a meat berserker
    74 | D        | Killed a bag of meat
    75 | D        | Noticed a meat beast
    76 | D        | Killed a destroyer
    76 | D        | Killed a meat beast
    76 | D        | Reached XP level 27. HP: 199/298 MP: 27/54
    78 | D        | Killed a dread
    79 | D        | Killed a sculptor of flesh
    79 | D        | Killed a meat beast
    81 | D        | Noticed a wretched soul
    81 | D        | Killed a sculptor of flesh
    83 | D        | Noticed a meat beast
    85 | D        | Noticed a bag of meat
    85 | D        | Noticed a meat berserker
    86 | D        | Killed a meat beast
    89 | D        | HP: 14/298 [wretched soul/bolt of negative energy (38)]
    90 | D        | Noticed a meat beast
    90 | D        | Killed a dread
    91 | D        | Noticed a meat berserker
    92 | D        | Noticed an accursed
    92 | D        | Killed a meat berserker
    92 | D        | Killed a wretched soul
    93 | D        | Killed a meat beast
    94 | D        | Killed a bag of meat
    95 | D        | Noticed a wretched soul
    96 | D        | Noticed a tyrant
    96 | D        | Killed a meat berserker
    97 | D        | Noticed a bag of meat
    98 | D        | Noticed a bag of meat
    98 | D        | Noticed a meat berserker
   101 | D        | Noticed a meat berserker
   102 | D        | Killed a bag of meat
   102 | D        | Killed a tyrant
   103 | D        | Killed a meat berserker
   104 | D        | Noticed a sculptor of flesh
   105 | D        | Killed a meat berserker
   105 | D        | Killed a bag of meat
   106 | D        | Noticed a meat berserker
   108 | D        | Noticed a dread
   108 | D        | Noticed a bag of meat
   109 | D        | Noticed a dread
   110 | D        | Killed an accursed
   111 | D        | Noticed an observer
   111 | D        | Annihilated by a sculptor of flesh

Vault maps used:
D:        meatsprint

Action                   |  1- 3 |  4- 6 |  7- 9 | 10-12 | 13-15 | 16-18 | 19-21 | 22-24 | 25-27 || total
-------------------------+-------+-------+-------+-------+-------+-------+-------+-------+-------++-------
Melee: Executioner's axe |     1 |       |       |     2 |     4 |     5 |    10 |    13 |    20 ||    55
Invok: Greater Servant o |       |       |       |       |       |       |       |     2 |     1 ||     3
  Use: Potion            |     1 |       |       |       |       |       |       |       |       ||     1
 Stab: Distracted        |       |       |       |       |       |       |       |     2 |     2 ||     4
